 Dungeon Crawl Stone Soup version 0.32-a0-473-gd044c6f0f0 (webtiles) character file.

Game seed: 6970636214409944

1455 timneilson the Ruffian (level 8, -4/54 HPs)
             Began as an Octopode Shapeshifter on Feb 25, 2024.
             Was an Initiate of Gozag.
             Slain by a wyvern zombie (9 damage)
             ... on level 6 of the Dungeon.
             The game lasted 00:09:02 (5256 turns).

timneilson the Ruffian (Octopode Shapeshifter)      Turns: 5256, Time: 00:09:02

Health: -4/54      AC:  1    Str: 16    XL:     8   Next: 76%
Magic:  8/8        EV: 20    Int: 12    God:    Gozag
Gold:   380        SH:  0    Dex: 17    Spells: 7/7 levels left

rFire   . .          .
                       - Unarmed
rCold   . . .        (no shield)
rNeg    . . .        (helmet currently unavailable)
rPois   .            (no amulet)
rElec   .            q - +5 ring of evasion
rCorr   .            r - +6 ring of dexterity
SInv    .            (no ring)
Will    .....        (no ring)
Stlth   ++++         (no ring)
HPRegen 0.29/turn    (no ring)
MPRegen 0.11/turn    (no ring)
                     (no ring)

%: no passive effects
@: beast-form, studying Evocations
A: beast (slay +3), almost no armour, amphibious, 8 rings, camouflage 1,
gelatinous body 1, (nimble swimmer 1), tentacles
a: Begin Untransformation, Renounce Religion, Potion Petition, Call Merchant,
Bribe Branch


You were on level 6 of the Dungeon.
You worshipped Gozag.
Gozag was aware of your devotion.
You were a hulking beast.
You visited 2 branches of the dungeon, and saw 7 of its levels.

You collected 457 gold pieces.
You paid 77 gold pieces to Gozag.

Inventory:

Jewellery
 q - a +5 ring of evasion (left tentacle)
 r - a +6 ring of dexterity (right tentacle)
Talismans
 b - a beast talisman (active)
 c - a flux talisman
Wands
 e - a wand of flame (9)
 m - a wand of polymorph (11)
 p - a wand of charming (7)
Scrolls
 d - 6 scrolls of identify
 g - a scroll of blinking
 k - a scroll of fog {unknown}
 n - a scroll of noise
 s - a scroll of amnesia {unknown}
Potions
 a - a potion of lignification
 f - a potion of enlightenment
 h - 2 potions of magic
 i - a potion of heal wounds {unknown}
 j - a potion of attraction
 l - a potion of mutation
 o - 3 potions of cancellation
 t - a potion of might {unknown}


   Skills:
 * Level 4.7 Fighting
 * Level 5.0 Dodging
 + Level 4.5 Stealth
 * Level 5.6 Unarmed Combat
 + Level 4.5 Evocations
 * Level 5.2 Shapeshifting


You had 7 spell levels left.
You didn't know any spells.
Your spell library contained the following spells:

 Spells                   Type           Power      Damage    Failure   Level
 Cigotuvi's Dreadful Rot  Necr/Alch/Air  0%         N/A       45%         2
 Fugue of the Fallen      Necr           0%         N/A       69%         3
 Ozocubu's Armour         Ice            0%         N/A       69%         3
 Ignite Poison            Fire/Alch      0%         N/A       97%         4
 Manifold Assault         Tloc           0%         N/A       97%         4
 Freezing Cloud           Conj/Ice/Air   0%         6-21      100%        5


Dungeon Overview and Level Annotations

Branches:
Dungeon (6/15)             Temple (1/1) D:5

Altars:
Dithmenos
Elyvilon
Fedhas
Gozag
Makhleb
Nemelex Xobeh
Okawaru
Qazlal
Ru
Sif Muna
Trog
Uskayaw
Vehumet
Wu Jian
Xom
Zin
The Shining One

Shops:
D:4 (

Annotations:
D:5 3 runed translucent doors, shoop's ghost, novice VSFi


Innate Abilities, Weirdness & Mutations

You are a hulking beast.
Your limbs bulge with bestial killing power. (Slay +3)
You cannot wear most types of armour.
You are amphibious.
You can wear up to eight rings at the same time.
Your skin changes colour to match your surroundings (Stealth+).
Your rubbery body absorbs attacks. (AC +1, EV +1)
((You are camouflaged when in or above water. (Stealth+)))
You have tentacles for arms and can constrict up to eight enemies at once.


Message History

You tentacle-slap the wight but do no damage.
You grab the wight. You tentacle-slap the wight. You squeeze the wight.
The wight is heavily damaged.
You constrict the wight, but do no damage.
You tentacle-slap the wight but do no damage.
The wight is heavily damaged.
You constrict the wight.
The wight hits you with a +5 falchion of freezing!
The wight freezes you.
You tentacle-slap the wight but do no damage.
The wight is heavily damaged.
You constrict the wight. The wight closely misses you.
You tentacle-slap the wight but do no damage.
You squeeze the wight.
The wight is severely damaged.
You constrict the wight, but do no damage.
The wight hits you with a +5 falchion of freezing!
The wight freezes you. The wight misses you.
You tentacle-slap the wight but do no damage.
Your tentacle-slap misses the wight.
The wight is severely damaged.
You constrict the wight, but do no damage.
The wight hits you with a +5 falchion of freezing!
You feel drained. The wight freezes you.
* * * LOW HITPOINT WARNING * * *
The wight misses you.
You tentacle-slap the wight. You squeeze the wight.
You destroy the wight!
The wight misses you.
Your life force feels restored.
Blink to where?
Press: ? - help, Dir - move target
As you read the scroll of blinking, it crumbles to dust.
The wyvern zombie attacks as it pursues you!
The wyvern zombie bites you!
* * * LOW HITPOINT WARNING * * *
The wyvern zombie attacks as it pursues you!
The wyvern zombie bites you!
You die...
Your body crumbles into a pile of gold.

#....#......#..#.#####.#
#..)....#.........##.#
##)###..###..#.##.##.# #)#
#.......#.......# # #.#
##......#.......#
#.##.##.# #########.#.##.#
##.......# #######
#...##.# ..##.##.# #.....#
#..###.# ..## #.###...Zh#
#..###.# .....##.#.......#
#......# .
.#.......#.....# ##.#####
...#.###.###.....# ###.###
#.......# ####### #.....#
###.##### #..#..#
♣###.###############.###.#
♣.##...............>..#..#
.z$Z....###............(.#


You could see a wyvern zombie.

Vanquished Creatures
  Grinder (D:5)
  Duvessa (D:5)
  An ice beast (D:5)
  3 sky beasts
  A centaur (D:6)
  2 scorpions
  A wight (D:6)
  Dowan (D:5)
  A centaur zombie (D:6)
  A bombardier beetle (D:4)
  5 hounds
  2 jellies (D:5)
  A sleepcap (D:5)
  Terence (D:2)
  An orc wizard (D:6)
  An iguana (D:5)
  A howler monkey zombie (D:6)
  3 adders
  A shadow imp (D:5)
  2 white imps (D:5)
  4 ribbon worms
  4 dart slugs
  10 orcs
  4 bats
  4 endoplasms
  2 giant cockroaches
  2 goblins (D:4)
  6 hobgoblins
  4 jackals
  3 quokkas
  4 ball pythons
  5 frilled lizards
  2 kobolds (D:2)
  4 rats
89 creatures vanquished.

Notes
Turn   | Place    | Note
-------+----------+-------------------------------------------
     0 | D:1      | timneilson the Octopode Shapeshifter began the quest for
                  | the Orb.
     0 | D:1      | Reached XP level 1. HP: 13/13 MP: 1/1
   170 | D:1      | Reached XP level 2. HP: 18/18 MP: 2/2
   671 | D:1      | Identified a scroll of acquirement
   671 | D:1      | Acquired a manual of Evocations
  1010 | D:2      | Reached skill level 1 in Stealth
  1039 | D:2      | Reached XP level 3. HP: 10/23 MP: 3/3
  1130 | D:2      | Noticed Terence
  1158 | D:2      | Killed Terence
  1265 | D:2      | Reached XP level 4. HP: 29/29 MP: 4/4
  1898 | D:3      | Identified the +8 mace of Cokh {vamp, +Blink Fly rN+}
  2333 | D:3      | Found a glowing golden altar of the Shining One.
  2335 | D:3      | Found a radiant altar of Vehumet.
  2338 | D:3      | Found a shimmering altar of Xom.
  2644 | D:4      | Noticed a +0 short sword
  2644 | D:4      | Noticed a +0 falchion
  2645 | D:4      | Noticed a +0 short sword
  2645 | D:4      | Noticed a +0 spear
  2646 | D:4      | Noticed a +0 dagger
  2647 | D:4      | Noticed a +0 falchion
  2647 | D:4      | Noticed a +0 dagger
  2649 | D:4      | Found a hide-covered altar of Uskayaw.
  2649 | D:4      | Noticed a +0 spear
  2651 | D:4      | Noticed a scorpion
  2658 | D:4      | Killed a scorpion
  2659 | D:4      | Reached skill level 1 in Evocations
  2659 | D:4      | Reached XP level 5. HP: 24/34 MP: 5/5
  2807 | D:4      | Found Ucruboaw's Antique Weapon Boutique.
  2959 | D:4      | Reached XP level 6. HP: 35/41 MP: 6/6
  3107 | D:4      | Found a sparkling altar of Nemelex Xobeh.
  3279 | D:4      | Found a sacrificial altar of Ru.
  3603 | D:5      | Entered Level 5 of the Dungeon
  3667 | D:5      | Found a staircase to the Ecumenical Temple.
  3713 | Temple   | Entered the Ecumenical Temple
  3728 | Temple   | Became a worshipper of Gozag Ym Sagoz the Greedy
  3777 | D:5      | Noticed Duvessa
  3782 | D:5      | Noticed Dowan
  3787 | D:5      | Killed Dowan
  3788 | D:5      | Reached XP level 7. HP: 46/46 MP: 7/7
  3794 | D:5      | Killed Duvessa
  3953 | D:5      | Noticed Grinder
  3969 | D:5      | Killed Grinder
  4180 | D:5      | Reached XP level 8. HP: 46/54 MP: 8/8
  4309 | D:5      | Reached skill level 5 in Unarmed Combat
  4697 | D:5      | Found a runed translucent gate.
  4697 | D:5      | Found a runed translucent gate.
  4697 | D:5      | Found a runed translucent gate.
  4698 | D:5      | Noticed shoop's ghost (novice VSFi)
  4889 | D:6      | Reached skill level 5 in Shapeshifting
  5202 | D:6      | Reached skill level 5 in Dodging
  5256 | D:6      | Slain by a wyvern zombie

Illustrated notes

Levels and vault maps discovered:
D:1:      lemuel_arrival_lava_pool, layout_basic, grunt_decor_cap,
          patterned_corridor
D:2:      minmay_skewed_foursquare, layout_basic, guppyfry_early_lair_pool,
          uniq_terence
D:3:      layout_basic, grunt_temple_overflow_diamond, serial_bayou,
          serial_bayou_pond_a, serial_bayou_pond_c, serial_bayou_crossing,
          serial_bayou_lagoon_a, nrook_loot_triangle,
          hangedman_abyss_or_decor_stabs, kennysheep_small_spiral
D:4:      layout_basic, general_overflow_altar, hangedman_ru_absence,
          nicolae_uskayaw_en_pointe, serial_shops, nicolae_shop_statue_plus
D:5:      layout_basic, minmay_temple_entry_crystal_x,
          gammafunk_ghost_nasty_kobolds, uniq_grinder, uniq_duvessa
D:6:      layout_loops_cross, amethyst_overflow_temple_binary,
          nicolae_yredelemnul_corpse_copse
Temple:   jpeg_temple_clearing

Skill      XL: |  1  2  3  4  5  6  7  8 |
---------------+-------------------------+-----
Stealth        | 1 2 3 4 |  4.5
Fighting       | 2 3 4 |  4.7
Dodging        | 3 4 5 |  5.0
Evocations     | 1 2 3 4 |  4.5
Unarmed Combat | 4 5 |  5.6
Shapeshifting  | 4 5 |  5.2

Action                     |  1- 3 |  4- 6 |  7- 9 || total
---------------------------+-------+-------+-------++-------
  Melee: Unarmed           |    52 |    72 |    91 ||   215
         Tentacles         |    14 |    18 |    29 ||    61
         Constrict         |    12 |    21 |    14 ||    47
         Punch             |       |     5 |     5 ||    10
  Evoke: Wand              |       |     3 |     2 ||     5
    Use: Scroll            |     6 |     6 |     3 ||    15
         Potion            |       |       |     5 ||     5
   Stab: Sleeping          |     5 |    10 |     3 ||    18
         Invisible         |       |       |     1 ||     1
 Armour: Skin              |    14 |    27 |    38 ||    79
  Dodge: Dodged            |    30 |    34 |    62 ||   126

Table legend: (Time is in decaauts)
 A = Elapsed time spent in this place.
 B = Non-inter-level travel time spent in this place.
 C = Inter-level travel time spent in this place.
 D = Time resting spent in this place.
 E = Time spent auto-exploring this place.
 F = Levels seen in this place.
 G = Mean time per level.
                   A        B        C        D        E       F      G
               +--------+--------+--------+--------+--------+-----+--------+
         Total |   5237 |   5115 |    122 |    197 |   4000 |   7 |  748.1 |
       Dungeon |   5207 |   5099 |    108 |    197 |   4000 |   6 |  867.8 |
        Temple |     30 |     16 |     14 |      0 |      0 |   1 |   30.0 |
               +--------+--------+--------+--------+--------+-----+--------+

Top non-repeatable levels by time:
     D:5: 1218 daAuts
     D:3: 1173 daAuts
     D:4: 981 daAuts
     D:1: 723 daAuts
     D:2: 717 daAuts
     D:6: 393 daAuts
  Temple: 30 daAuts
